Senators vs BlackHawks

Created - March 18 2012 at 12:58

Goals
1 2 3 T
Senators 1 2 0 3
BlackHawks 0 1 3 4
Shots
1 2 3 T
Senators 8 17 7 32
BlackHawks 3 5 12 20

Period #1

1. Senators , Henrik Zetterberg 29 (John Tavares, Adrian Aucoin) at 0:38

Penalties :
Mattias Ohlund (CHI) for Hooking (Minor) at 2:28, Cory Stillman (OTT) for High sticking (Minor) at 14:16

Period #2

2. Senators , James Wisniewski 6 (Jason Spezza, Henrik Zetterberg) at 4:56 (PP)
3. BlackHawks , Zach Parise 35 (P.K. Subban, Darren Helm) at 10:11
4. Senators , John Tavares 40 (Henrik Zetterberg) at 13:20

Penalties :
Mathieu Darche (CHI) for Hooking (Minor) at 0:20, Matt Hendricks (CHI) for Hooking (Minor) at 4:04, Jamie Benn (OTT) for Hooking (Minor) at 5:23, Brian Rafalski (OTT) for Holding (Minor) at 14:05

Period #3

5. BlackHawks , Simon Gagne 18 (Darren Helm) at 11:33 (PP)
6. BlackHawks , P.K. Subban 13 (Chris Campoli, Darren Helm) at 12:45 (PP)
7. BlackHawks , Simon Gagne 19 (Zach Parise, Tyler Kennedy) at 19:41

Penalties :
Cody McCormick (CHI) for Interference (Minor) at 1:27, Matt Hendricks (CHI) for Elbowing (Minor) at 4:59, Jeff Schultz (OTT) for Tripping (Minor) at 11:31, Adrian Aucoin (OTT) for Roughing (Minor) at 11:52

Goalie Stats

Carey Price (OTT), 16 saves from 20 shots - (0.800), L, 38-17-5, 60:00 minutes
Martin Brodeur (CHI), 29 saves from 32 shots - (0.906), W, 21-24-7, 60:00 minutes

Players Stats

Senators
Player Name              G  A  P  +/- PIM S  H  SB FO    MP 
------------------------------------------------------------
Adrian Aucoin            0  1  1   1  2   0  1  0  0/0   20 
Brian Rafalski           0  0  0  -1  2   1  3  0  0/0   20 
Brian Willsie            0  0  0   1  0   0  4  0  1/3   17 
Claude Giroux            0  0  0  -1  0   3  2  0  0/1   20 
Cory Stillman            0  0  0   0  2   1  2  0  1/1   14 
Daniel Winnik            0  0  0   0  0   1  0  0  0/0   7  
Dion Phaneuf             0  0  0   1  0   1  4  0  0/0   22 
Henrik Zetterberg        1  2  3   1  0   3  1  0  1/1   19 
James Wisniewski         1  0  1   0  0   2  2  1  0/0   20 
Jamie Benn               0  0  0  -1  2   3  4  0  0/0   19 
Jason Spezza             0  1  1   0  0   6  0  0  19/25 19 
Jeff Schultz             0  0  0   0  2   0  0  1  0/0   20 
John Tavares             1  1  2   1  0   5  2  0  13/23 19 
Kevin Klein              0  0  0  -1  0   2  1  2  0/0   15 
Kristian Huselius        0  0  0   0  0   2  0  0  0/1   12 
Ryan Johnson             0  0  0   0  0   0  1  0  5/8   6  
Sidney Crosby            0  0  0  -1  0   2  1  0  9/19  19 
Todd Marchant            0  0  0   0  0   0  1  0  3/4   6  
BlackHawks
Player Name              G  A  P  +/- PIM S  H  SB FO    MP 
------------------------------------------------------------
Brett Clark              0  0  0  -1  0   1  2  1  0/0   18 
Bryan Little             0  0  0   0  0   0  0  0  0/0   2  
Chris Campoli            0  1  1   0  0   1  0  0  0/0   19 
Cody McCormick           0  0  0   0  2   1  0  0  0/0   9  
Daniel Paille            0  0  0   0  0   0  0  0  0/0   13 
Darren Helm              0  3  3   0  0   0  2  1  13/25 22 
Hal Gill                 0  0  0   0  0   1  0  0  0/0   19 
Jay McClement            0  0  0   0  0   2  0  0  7/18  15 
Mark Eaton               0  0  0   0  0   0  0  3  0/0   17 
Mathieu Darche           0  0  0  -1  2   1  0  0  0/3   19 
Matt Hendricks           0  0  0   0  4   1  1  0  1/3   11 
Mattias Ohlund           0  0  0   0  2   0  1  3  0/0   21 
P.K. Subban              1  1  2   1  0   3  1  0  0/0   21 
Ron Hainsey              0  0  0   0  0   0  0  0  0/0   0  
Samuel Pahlsson          0  0  0  -1  0   0  1  0  9/26  21 
Simon Gagne              2  0  2   1  0   3  2  0  2/3   24 
Tyler Kennedy            0  1  1   0  0   3  0  1  2/6   19 
Zach Parise              1  1  2   1  0   3  3  0  0/2   21 

3 Stars

1 - Simon Gagne (CHI)
2 - Henrik Zetterberg (OTT)
3 - Zach Parise (CHI)

Power Play

Senators - 1 on 5 Attempt(s) - 20.00%
BlackHawks - 2 on 5 Attempt(s) - 40.00%

Penalty Kill

Senators - 3 on 5 Attempt(s) - 60.00% - Score 0 goal in Penalty Kill
BlackHawks - 4 on 5 Attempt(s) - 80.00% - Score 0 goal in Penalty Kill

Game Notes

Kevin Klein is injured at 1:09 of 3rd period (Bruised Left Foot)
Matt Hendricks is injured at 7:15 of 3rd period (Upper Body)

Finance

Level 1 -- Attendance: 6345 (97.62%) -- Ticket Income $539,325.00
Level 2 -- Attendance: 3842 (76.84%) -- Ticket Income $211,310.00
Level 3 -- Attendance: 3500 (100.00%) -- Ticket Income $105,000.00
Level 4 -- Attendance: 2718 (60.40%) -- Ticket Income $54,360.00
Luxury Box -- Attendance: 1000 (100.00%) -- Ticket Income $175,000.00
Game was played at the United Center
Total Attendance: 17405 (84.90%)
Total Ticket Income: $1,175,201.00
Other Income: $205,866.00
Total Income: $1,381,066.00


Play by Play

Period #1

0:01 of 1st period - John Tavares wins face-off versus Darren Helm in neutral zone.
0:38 of 1st period - Shot by Henrik Zetterberg.
0:38 of 1st period - Goal by Henrik Zetterberg - Senators : 1 - BlackHawks : 0.
0:39 of 1st period - Samuel Pahlsson wins face-off versus Claude Giroux in neutral zone.
1:08 of 1st period - Shot by Claude Giroux.
1:08 of 1st period - Shot Misses the Net.
1:49 of 1st period - Shot by Kristian Huselius.
1:49 of 1st period - Stopped by Martin Brodeur without a rebound.
1:50 of 1st period - John Tavares wins face-off versus Jay McClement in BlackHawks zone.
1:57 of 1st period - Shot by Matt Hendricks.
1:57 of 1st period - Stopped by Carey Price without a rebound.
1:58 of 1st period - Brian Willsie wins face-off versus Darren Helm in Senators zone.
1:58 of 1st period - Brian Willsie is hit by Simon Gagne.
2:16 of 1st period - Shot by John Tavares.
2:16 of 1st period - Shot Misses the Net.
2:21 of 1st period - Henrik Zetterberg is hit by Mattias Ohlund.
2:28 of 1st period - Minor Penalty to Mattias Ohlund for Hooking.
2:29 of 1st period - Jason Spezza wins face-off versus Darren Helm in BlackHawks zone.
3:47 of 1st period - Icing by Brian Willsie.
3:48 of 1st period - John Tavares wins face-off versus Samuel Pahlsson in Senators zone.
3:48 of 1st period - John Tavares is hit by Simon Gagne.
5:20 of 1st period - Shot by Sidney Crosby.
5:20 of 1st period - Shot Misses the Net.
5:22 of 1st period - Shot by Jamie Benn.
5:22 of 1st period - Stopped by Martin Brodeur without a rebound.
5:23 of 1st period - John Tavares wins face-off versus Jay McClement in BlackHawks zone.
5:24 of 1st period - Shot by Dion Phaneuf.
5:24 of 1st period - Shot Blocked by Mark Eaton.
5:43 of 1st period - Shot by Sidney Crosby.
5:43 of 1st period - Shot Misses the Net.
6:13 of 1st period - Shot by Cory Stillman.
6:13 of 1st period - Stopped by Martin Brodeur without a rebound.
6:14 of 1st period - Jason Spezza wins face-off versus Zach Parise in BlackHawks zone.
6:30 of 1st period - Shot by Simon Gagne.
6:30 of 1st period - Deflect By Zach Parise.
6:30 of 1st period - Shot Misses the Net.
6:41 of 1st period - Icing by Cory Stillman.
6:42 of 1st period - Jason Spezza wins face-off versus Samuel Pahlsson in Senators zone.
7:35 of 1st period - Darren Helm is hit by Brian Rafalski and loses puck.
8:15 of 1st period - Jay McClement is hit by Dion Phaneuf and loses puck.
10:04 of 1st period - Shot by Matt Hendricks.
10:04 of 1st period - Shot Misses the Net.
10:23 of 1st period - Matt Hendricks is hit by John Tavares and loses puck.
11:18 of 1st period - Shot by Mathieu Darche.
11:18 of 1st period - Shot Misses the Net.
11:20 of 1st period - Shot by Mathieu Darche.
11:20 of 1st period - Stopped by Carey Price without a rebound.
11:21 of 1st period - Darren Helm wins face-off versus Sidney Crosby in Senators zone.
11:34 of 1st period - Shot by Zach Parise.
11:34 of 1st period - Shot Misses the Net.
11:56 of 1st period - Icing by Kevin Klein.
11:57 of 1st period - Sidney Crosby wins face-off versus Tyler Kennedy in Senators zone.
13:04 of 1st period - Shot by Jason Spezza.
13:04 of 1st period - Stopped by Martin Brodeur with a rebound.
13:29 of 1st period - Icing by Simon Gagne.
13:30 of 1st period - Darren Helm wins face-off versus John Tavares in BlackHawks zone.
13:30 of 1st period - Darren Helm is hit by Todd Marchant.
13:33 of 1st period - P.K. Subban is hit by Henrik Zetterberg and loses puck.
13:44 of 1st period - Shot by Henrik Zetterberg.
13:44 of 1st period - Deflect By John Tavares.
13:44 of 1st period - Stopped by Martin Brodeur without a rebound.
13:45 of 1st period - Jay McClement wins face-off versus Jason Spezza in BlackHawks zone.
13:45 of 1st period - Jay McClement is hit by Cory Stillman.
14:16 of 1st period - Minor Penalty to Cory Stillman for High sticking.
14:17 of 1st period - Todd Marchant wins face-off versus Jay McClement in Senators zone.
14:17 of 1st period - Todd Marchant is hit by Zach Parise.
15:25 of 1st period - Icing by Hal Gill.
15:26 of 1st period - Samuel Pahlsson wins face-off versus Ryan Johnson in BlackHawks zone.
15:47 of 1st period - Icing by Brett Clark.
15:48 of 1st period - Samuel Pahlsson wins face-off versus Sidney Crosby in BlackHawks zone.
16:14 of 1st period - Mattias Ohlund is hit by Dion Phaneuf and loses puck.
17:29 of 1st period - Shot by James Wisniewski.
17:29 of 1st period - Shot Misses the Net.
18:04 of 1st period - Icing by Zach Parise.
18:05 of 1st period - Darren Helm wins face-off versus John Tavares in BlackHawks zone.
18:05 of 1st period - P.K. Subban is hit by Brian Willsie and loses puck.
18:18 of 1st period - Shot by Henrik Zetterberg.
18:18 of 1st period - Shot Misses the Net.
18:20 of 1st period - Shot by Adrian Aucoin.
18:20 of 1st period - Deflect By John Tavares.
18:20 of 1st period - Shot Misses the Net.
18:22 of 1st period - Shot by John Tavares.
18:22 of 1st period - Shot Misses the Net.
18:34 of 1st period - Shot by John Tavares.
18:34 of 1st period - Shot Blocked by Mattias Ohlund.
18:38 of 1st period - Shot by Henrik Zetterberg.
18:38 of 1st period - Shot Misses the Net.
18:40 of 1st period - Shot by Henrik Zetterberg.
18:40 of 1st period - Stopped by Martin Brodeur without a rebound.
18:41 of 1st period - Cory Stillman wins face-off versus Samuel Pahlsson in BlackHawks zone.
19:02 of 1st period - Shot by Tyler Kennedy.
19:02 of 1st period - Stopped by Carey Price without a rebound.
19:03 of 1st period - Sidney Crosby wins face-off versus Jay McClement in Senators zone.
19:15 of 1st period - Hal Gill is hit by Kevin Klein and loses puck.
19:28 of 1st period - Shot by Claude Giroux.
19:28 of 1st period - Stopped by Martin Brodeur with a rebound.

Period #2

0:01 of 2nd period - Darren Helm wins face-off versus John Tavares in neutral zone.
0:19 of 2nd period - Icing by Henrik Zetterberg.
0:20 of 2nd period - John Tavares wins face-off versus Mathieu Darche in Senators zone.
0:20 of 2nd period - Minor Penalty to Mathieu Darche for Hooking.
0:21 of 2nd period - Jason Spezza wins face-off versus Samuel Pahlsson in BlackHawks zone.
0:24 of 2nd period - Shot by James Wisniewski.
0:24 of 2nd period - Stopped by Martin Brodeur without a rebound.
0:25 of 2nd period - Jason Spezza wins face-off versus Samuel Pahlsson in BlackHawks zone.
1:03 of 2nd period - Icing by Kevin Klein.
1:04 of 2nd period - Jason Spezza wins face-off versus Darren Helm in Senators zone.
1:27 of 2nd period - Shot by Dion Phaneuf.
1:27 of 2nd period - Shot Misses the Net.
1:29 of 2nd period - Shot by John Tavares.
1:29 of 2nd period - Shot Misses the Net.
1:37 of 2nd period - Shot by Brian Rafalski.
1:37 of 2nd period - Stopped by Martin Brodeur with a rebound.
1:39 of 2nd period - Shot by Brian Rafalski.
1:39 of 2nd period - Shot Misses the Net.
1:43 of 2nd period - Shot by Jamie Benn.
1:43 of 2nd period - Shot Blocked by Mattias Ohlund.
1:45 of 2nd period - Shot by Jamie Benn.
1:45 of 2nd period - Shot Misses the Net.
1:47 of 2nd period - Shot by John Tavares.
1:47 of 2nd period - Stopped by Martin Brodeur without a rebound.
1:48 of 2nd period - John Tavares wins face-off versus Samuel Pahlsson in BlackHawks zone.
2:32 of 2nd period - Shot by Daniel Winnik.
2:32 of 2nd period - Stopped by Martin Brodeur without a rebound.
2:33 of 2nd period - Samuel Pahlsson wins face-off versus Jason Spezza in BlackHawks zone.
2:43 of 2nd period - Icing by Brett Clark.
2:44 of 2nd period - Sidney Crosby wins face-off versus Samuel Pahlsson in BlackHawks zone.
2:53 of 2nd period - Shot by Claude Giroux.
2:53 of 2nd period - Shot Misses the Net.
3:17 of 2nd period - Off-side.
3:18 of 2nd period - Darren Helm wins face-off versus Jason Spezza in neutral zone.
4:04 of 2nd period - Minor Penalty to Matt Hendricks for Hooking.
4:05 of 2nd period - John Tavares wins face-off versus Darren Helm in BlackHawks zone.
4:30 of 2nd period - Shot by Jamie Benn.
4:30 of 2nd period - Deflect By John Tavares.
4:30 of 2nd period - Shot Misses the Net.
4:32 of 2nd period - Shot by John Tavares.
4:32 of 2nd period - Stopped by Martin Brodeur without a rebound.
4:33 of 2nd period - Jason Spezza wins face-off versus Darren Helm in BlackHawks zone.
4:54 of 2nd period - Shot by Jason Spezza.
4:54 of 2nd period - Shot Misses the Net.
4:56 of 2nd period - Shot by James Wisniewski.
4:56 of 2nd period - Goal by James Wisniewski - Senators : 2 - BlackHawks : 0.
4:57 of 2nd period - Jay McClement wins face-off versus John Tavares in neutral zone.
5:15 of 2nd period - Icing by Hal Gill.
5:16 of 2nd period - Jay McClement wins face-off versus Sidney Crosby in BlackHawks zone.
5:16 of 2nd period - Jay McClement is hit by Jamie Benn.
5:21 of 2nd period - Hal Gill is hit by Jamie Benn and loses puck.
5:23 of 2nd period - Minor Penalty to Jamie Benn for Hooking.
5:24 of 2nd period - Ryan Johnson wins face-off versus Jay McClement in Senators zone.
5:49 of 2nd period - Zach Parise is hit by Adrian Aucoin and loses puck.
5:54 of 2nd period - Shot by P.K. Subban.
5:54 of 2nd period - Stopped by Carey Price without a rebound.
5:55 of 2nd period - Ryan Johnson wins face-off versus Samuel Pahlsson in Senators zone.
6:03 of 2nd period - Icing by Mathieu Darche.
6:04 of 2nd period - Todd Marchant wins face-off versus Samuel Pahlsson in BlackHawks zone.
6:07 of 2nd period - Shot by Kevin Klein.
6:07 of 2nd period - Stopped by Martin Brodeur without a rebound.
6:08 of 2nd period - Ryan Johnson wins face-off versus Samuel Pahlsson in BlackHawks zone.
6:52 of 2nd period - Off-side.
6:53 of 2nd period - Jay McClement wins face-off versus Ryan Johnson in neutral zone.
6:53 of 2nd period - Chris Campoli is hit by Ryan Johnson.
6:54 of 2nd period - Off-side.
6:55 of 2nd period - Ryan Johnson wins face-off versus Jay McClement in neutral zone.
7:20 of 2nd period - Shot by P.K. Subban.
7:20 of 2nd period - Shot Misses the Net.
7:44 of 2nd period - Shot by Kristian Huselius.
7:44 of 2nd period - Shot Misses the Net.
7:48 of 2nd period - Shot by Jason Spezza.
7:48 of 2nd period - Shot Blocked by Mark Eaton.
8:33 of 2nd period - Shot by Sidney Crosby.
8:33 of 2nd period - Shot Misses the Net.
8:37 of 2nd period - Shot by Claude Giroux.
8:37 of 2nd period - Stopped by Martin Brodeur without a rebound.
8:38 of 2nd period - John Tavares wins face-off versus Samuel Pahlsson in BlackHawks zone.
8:39 of 2nd period - Shot by Henrik Zetterberg.
8:39 of 2nd period - Shot Misses the Net.
9:15 of 2nd period - Shot by Brett Clark.
9:15 of 2nd period - Stopped by Carey Price with a rebound.
9:17 of 2nd period - Shot by Samuel Pahlsson.
9:17 of 2nd period - Shot Misses the Net.
9:31 of 2nd period - Mattias Ohlund is hit by Brian Willsie and loses puck.
9:37 of 2nd period - P.K. Subban is hit by Dion Phaneuf and loses puck.
9:45 of 2nd period - Icing by Henrik Zetterberg.
9:46 of 2nd period - Darren Helm wins face-off versus John Tavares in Senators zone.
10:00 of 2nd period - Icing by Darren Helm.
10:01 of 2nd period - Darren Helm wins face-off versus Sidney Crosby in BlackHawks zone.
10:11 of 2nd period - Shot by Zach Parise.
10:11 of 2nd period - Goal by Zach Parise - Senators : 2 - BlackHawks : 1.
10:12 of 2nd period - Jason Spezza wins face-off versus Tyler Kennedy in neutral zone.
10:37 of 2nd period - Shot by Mathieu Darche.
10:37 of 2nd period - Shot Misses the Net.
10:43 of 2nd period - Brett Clark is hit by Cory Stillman and loses puck.
10:48 of 2nd period - Shot by Jason Spezza.
10:48 of 2nd period - Stopped by Martin Brodeur without a rebound.
10:49 of 2nd period - Sidney Crosby wins face-off versus Jay McClement in BlackHawks zone.
10:52 of 2nd period - Shot by Sidney Crosby.
10:52 of 2nd period - Shot Misses the Net.
10:54 of 2nd period - Shot by Kevin Klein.
10:54 of 2nd period - Stopped by Martin Brodeur without a rebound.
10:55 of 2nd period - Matt Hendricks wins face-off versus Sidney Crosby in BlackHawks zone.
10:55 of 2nd period - Matt Hendricks is hit by Jamie Benn.
11:08 of 2nd period - Icing by Kevin Klein.
11:09 of 2nd period - Jay McClement wins face-off versus Sidney Crosby in Senators zone.
11:18 of 2nd period - Daniel Paille is hit by Claude Giroux and loses puck.
11:31 of 2nd period - Shot by Sidney Crosby.
11:31 of 2nd period - Stopped by Martin Brodeur without a rebound.
11:32 of 2nd period - Jason Spezza wins face-off versus Darren Helm in BlackHawks zone.
11:37 of 2nd period - Shot by James Wisniewski.
11:37 of 2nd period - Shot Misses the Net.
11:39 of 2nd period - Shot by Jason Spezza.
11:39 of 2nd period - Shot Misses the Net.
11:41 of 2nd period - Shot by Jason Spezza.
11:41 of 2nd period - Stopped by Martin Brodeur without a rebound.
11:42 of 2nd period - Samuel Pahlsson wins face-off versus John Tavares in BlackHawks zone.
11:44 of 2nd period - Tyler Kennedy is hit by Brian Willsie and loses puck.
11:53 of 2nd period - Shot by John Tavares.
11:53 of 2nd period - Stopped by Martin Brodeur without a rebound.
11:54 of 2nd period - Jason Spezza wins face-off versus Darren Helm in BlackHawks zone.
11:58 of 2nd period - Icing by Mattias Ohlund.
11:59 of 2nd period - Jason Spezza wins face-off versus Zach Parise in BlackHawks zone.
12:09 of 2nd period - Darren Helm is hit by James Wisniewski and loses puck.
12:22 of 2nd period - Icing by Daniel Winnik.
12:23 of 2nd period - Jason Spezza wins face-off versus Tyler Kennedy in Senators zone.
13:11 of 2nd period - Tyler Kennedy is hit by John Tavares and loses puck.
13:20 of 2nd period - Shot by John Tavares.
13:20 of 2nd period - Goal by John Tavares - Senators : 3 - BlackHawks : 1.
13:21 of 2nd period - Sidney Crosby wins face-off versus Jay McClement in neutral zone.
13:24 of 2nd period - Shot by Jamie Benn.
13:24 of 2nd period - Stopped by Martin Brodeur without a rebound.
13:25 of 2nd period - Darren Helm wins face-off versus Sidney Crosby in BlackHawks zone.
13:53 of 2nd period - Zach Parise is hit by Brian Rafalski and loses puck.
14:05 of 2nd period - Minor Penalty to Brian Rafalski for Holding.
14:06 of 2nd period - Samuel Pahlsson wins face-off versus Ryan Johnson in Senators zone.
14:31 of 2nd period - Shot by Brett Clark.
14:31 of 2nd period - Shot Blocked by Kevin Klein.
14:33 of 2nd period - Shot by Hal Gill.
14:33 of 2nd period - Stopped by Carey Price with a rebound.
15:43 of 2nd period - Icing by Brett Clark.
15:44 of 2nd period - Ryan Johnson wins face-off versus Samuel Pahlsson in BlackHawks zone.
16:12 of 2nd period - Shot by Jay McClement.
16:12 of 2nd period - Stopped by Carey Price without a rebound.
16:13 of 2nd period - Sidney Crosby wins face-off versus Jay McClement in Senators zone.
17:24 of 2nd period - Shot by Henrik Zetterberg.
17:24 of 2nd period - Shot Blocked by Mark Eaton.
17:26 of 2nd period - Shot by Dion Phaneuf.
17:26 of 2nd period - Stopped by Martin Brodeur without a rebound.
17:27 of 2nd period - Jason Spezza wins face-off versus Darren Helm in BlackHawks zone.
17:29 of 2nd period - Kristian Huselius is hit by P.K. Subban and loses puck.
17:40 of 2nd period - Jeff Schultz is hit by Zach Parise and loses puck.
17:46 of 2nd period - Kristian Huselius is hit by Zach Parise and loses puck.
17:57 of 2nd period - Shot by Jason Spezza.
17:57 of 2nd period - Stopped by Martin Brodeur without a rebound.
17:58 of 2nd period - Sidney Crosby wins face-off versus Samuel Pahlsson in BlackHawks zone.
17:58 of 2nd period - Jamie Benn is hit by Brett Clark and loses puck.
18:50 of 2nd period - Icing by P.K. Subban.
18:51 of 2nd period - Simon Gagne wins face-off versus Brian Willsie in BlackHawks zone.
18:59 of 2nd period - Icing by Dion Phaneuf.
19:00 of 2nd period - John Tavares wins face-off versus Matt Hendricks in Senators zone.
19:28 of 2nd period - Icing by P.K. Subban.
19:29 of 2nd period - Jason Spezza wins face-off versus Matt Hendricks in BlackHawks zone.

Period #3

0:01 of 3rd period - Darren Helm wins face-off versus John Tavares in neutral zone.
0:09 of 3rd period - Shot by Henrik Zetterberg.
0:09 of 3rd period - Shot Blocked by Mattias Ohlund.
0:39 of 3rd period - Shot by Henrik Zetterberg.
0:39 of 3rd period - Stopped by Martin Brodeur without a rebound.
0:40 of 3rd period - Sidney Crosby wins face-off versus Samuel Pahlsson in BlackHawks zone.
0:40 of 3rd period - Claude Giroux is hit by Brett Clark and loses puck.
1:09 of 3rd period - Shot by Mathieu Darche.
1:09 of 3rd period - Shot Blocked by Kevin Klein.
1:09 of 3rd period - Kevin Klein from Senators is injured at 1:09 of 3rd period (Bruised Left Foot).
1:10 of 3rd period - Jay McClement wins face-off versus Kristian Huselius in Senators zone.
1:25 of 3rd period - Shot by Daniel Paille.
1:25 of 3rd period - Deflect By Jay McClement.
1:25 of 3rd period - Stopped by Carey Price without a rebound.
1:26 of 3rd period - John Tavares wins face-off versus Simon Gagne in Senators zone.
1:26 of 3rd period - John Tavares is hit by Matt Hendricks.
1:27 of 3rd period - Minor Penalty to Cody McCormick for Interference.
1:28 of 3rd period - Jason Spezza wins face-off versus Darren Helm in BlackHawks zone.
2:32 of 3rd period - Shot by Jamie Benn.
2:32 of 3rd period - Stopped by Martin Brodeur without a rebound.
2:33 of 3rd period - John Tavares wins face-off versus Darren Helm in BlackHawks zone.
3:47 of 3rd period - Mathieu Darche is hit by Sidney Crosby and loses puck.
4:25 of 3rd period - James Wisniewski is hit by Samuel Pahlsson and loses puck.
4:59 of 3rd period - Minor Penalty to Matt Hendricks for Elbowing.
5:00 of 3rd period - Jason Spezza wins face-off versus Darren Helm in BlackHawks zone.
5:09 of 3rd period - Shot by Jason Spezza.
5:09 of 3rd period - Shot Misses the Net.
6:25 of 3rd period - Shot by Kristian Huselius.
6:25 of 3rd period - Stopped by Martin Brodeur without a rebound.
6:26 of 3rd period - Simon Gagne wins face-off versus Jason Spezza in BlackHawks zone.
6:50 of 3rd period - Brett Clark is hit by Claude Giroux and loses puck.
7:14 of 3rd period - Matt Hendricks is hit by Dion Phaneuf and loses puck.
7:15 of 3rd period - Matt Hendricks from BlackHawks is injured at 7:15 of 3rd period (Upper Body).
7:16 of 3rd period - Tyler Kennedy wins face-off versus Sidney Crosby in Senators zone.
7:19 of 3rd period - Shot by Tyler Kennedy.
7:19 of 3rd period - Stopped by Carey Price without a rebound.
7:20 of 3rd period - John Tavares wins face-off versus Mathieu Darche in Senators zone.
7:53 of 3rd period - Off-side.
7:54 of 3rd period - Jason Spezza wins face-off versus Jay McClement in neutral zone.
8:00 of 3rd period - Icing by Jay McClement.
8:01 of 3rd period - Sidney Crosby wins face-off versus Jay McClement in BlackHawks zone.
8:04 of 3rd period - Shot by Jamie Benn.
8:04 of 3rd period - Deflect By Sidney Crosby.
8:04 of 3rd period - Shot Blocked by Tyler Kennedy.
8:14 of 3rd period - Shot by Tyler Kennedy.
8:14 of 3rd period - Shot Misses the Net.
8:18 of 3rd period - Shot by Daniel Paille.
8:18 of 3rd period - Shot Misses the Net.
8:22 of 3rd period - Shot by Tyler Kennedy.
8:22 of 3rd period - Shot Misses the Net.
8:24 of 3rd period - Shot by Tyler Kennedy.
8:24 of 3rd period - Stopped by Carey Price without a rebound.
8:25 of 3rd period - Jason Spezza wins face-off versus Samuel Pahlsson in Senators zone.
9:27 of 3rd period - Shot by Henrik Zetterberg.
9:27 of 3rd period - Shot Blocked by Brett Clark.
10:50 of 3rd period - Shot by Cody McCormick.
10:50 of 3rd period - Stopped by Carey Price without a rebound.
10:51 of 3rd period - Jay McClement wins face-off versus Jason Spezza in Senators zone.
10:59 of 3rd period - Cody McCormick is hit by James Wisniewski and loses puck.
11:31 of 3rd period - Minor Penalty to Jeff Schultz for Tripping.
11:32 of 3rd period - Darren Helm wins face-off versus Todd Marchant in Senators zone.
11:33 of 3rd period - Shot by Simon Gagne.
11:33 of 3rd period - Goal by Simon Gagne - Senators : 3 - BlackHawks : 2.
11:34 of 3rd period - Darren Helm wins face-off versus Brian Willsie in neutral zone.
11:45 of 3rd period - Shot by Simon Gagne.
11:45 of 3rd period - Shot Misses the Net.
11:47 of 3rd period - Shot by Zach Parise.
11:47 of 3rd period - Shot Misses the Net.
11:51 of 3rd period - Shot by Darren Helm.
11:51 of 3rd period - Shot Misses the Net.
11:52 of 3rd period - Minor Penalty to Adrian Aucoin for Roughing.
11:53 of 3rd period - Todd Marchant wins face-off versus Samuel Pahlsson in Senators zone.
12:08 of 3rd period - Shot by Brett Clark.
12:08 of 3rd period - Shot Blocked by Jeff Schultz.
12:41 of 3rd period - Shot by Chris Campoli.
12:41 of 3rd period - Shot Misses the Net.
12:43 of 3rd period - Shot by Chris Campoli.
12:43 of 3rd period - Stopped by Carey Price with a rebound.
12:45 of 3rd period - Shot by P.K. Subban.
12:45 of 3rd period - Goal by P.K. Subban - Senators : 3 - BlackHawks : 3.
12:46 of 3rd period - John Tavares wins face-off versus Mathieu Darche in neutral zone.
13:55 of 3rd period - Shot by Claude Giroux.
13:55 of 3rd period - Stopped by Martin Brodeur with a rebound.
13:59 of 3rd period - Shot by Sidney Crosby.
13:59 of 3rd period - Shot Misses the Net.
14:03 of 3rd period - Shot by Sidney Crosby.
14:03 of 3rd period - Stopped by Martin Brodeur with a rebound.
14:11 of 3rd period - Sidney Crosby is hit by Darren Helm and loses puck.
14:51 of 3rd period - Shot by Kristian Huselius.
14:51 of 3rd period - Shot Blocked by Darren Helm.
14:53 of 3rd period - Shot by Jason Spezza.
14:53 of 3rd period - Stopped by Martin Brodeur without a rebound.
14:54 of 3rd period - Jason Spezza wins face-off versus Samuel Pahlsson in BlackHawks zone.
15:07 of 3rd period - Shot by Jason Spezza.
15:07 of 3rd period - Stopped by Martin Brodeur without a rebound.
15:08 of 3rd period - Samuel Pahlsson wins face-off versus Sidney Crosby in BlackHawks zone.
15:18 of 3rd period - Samuel Pahlsson is hit by Brian Rafalski and loses puck.
15:36 of 3rd period - Icing by Tyler Kennedy.
15:37 of 3rd period - Samuel Pahlsson wins face-off versus John Tavares in BlackHawks zone.
15:54 of 3rd period - Mattias Ohlund is hit by Brian Willsie and loses puck.
16:07 of 3rd period - Shot by Simon Gagne.
16:07 of 3rd period - Stopped by Carey Price without a rebound.
16:08 of 3rd period - Samuel Pahlsson wins face-off versus Jason Spezza in Senators zone.
16:29 of 3rd period - Shot by Zach Parise.
16:29 of 3rd period - Shot Blocked by James Wisniewski.
16:31 of 3rd period - Shot by Zach Parise.
16:31 of 3rd period - Stopped by Carey Price without a rebound.
16:32 of 3rd period - Darren Helm wins face-off versus Sidney Crosby in Senators zone.
16:54 of 3rd period - Sidney Crosby is hit by Darren Helm.
17:46 of 3rd period - Cody McCormick is hit by Jamie Benn and loses puck.
18:07 of 3rd period - Shot by P.K. Subban.
18:07 of 3rd period - Stopped by Carey Price without a rebound.
18:08 of 3rd period - Darren Helm wins face-off versus John Tavares in Senators zone.
18:11 of 3rd period - Shot by Cody McCormick.
18:11 of 3rd period - Shot Misses the Net.
19:05 of 3rd period - Shot by Jason Spezza.
19:05 of 3rd period - Shot Misses the Net.
19:39 of 3rd period - Shot by Zach Parise.
19:39 of 3rd period - Stopped by Carey Price without a rebound.
19:40 of 3rd period - Tyler Kennedy wins face-off versus John Tavares in Senators zone.
19:41 of 3rd period - Shot by Zach Parise.
19:41 of 3rd period - Deflect By Simon Gagne.
19:41 of 3rd period - Goal by Simon Gagne - Senators : 3 - BlackHawks : 4.
19:42 of 3rd period - Henrik Zetterberg wins face-off versus Tyler Kennedy in neutral zone.
19:56 of 3rd period - Shot by Tyler Kennedy.
19:56 of 3rd period - Shot Misses the Net.


Output by the SimonT Hockey Simulator (STHS) for Stephane Roy -- Original Page W3C XHTML 1.0 Valid